 Dungeon Crawl Stone Soup version 0.28.0-53-g5a82cb258f (webtiles) character file.

Game seed: 5243960617325585962

930 Tsarbomb the Basher (level 7, -6/59 HPs)
             Began as a Minotaur Berserker on Aug 21, 2022.
             Was a Priest of Trog.
             Mangled by a gnoll sergeant
             ... wielding a +0 trident
              (9 damage)
             ... on level 5 of the Dungeon.
             The game lasted 00:17:27 (2700 turns).

Tsarbomb the Basher (Minotaur Berserker)            Turns: 2700, Time: 00:17:28

Health: -6/59      AC: 12    Str: 23    XL:     7   Next: 86%
Magic:  6/6        EV:  7    Int:  4    God:    Trog [***...]
Gold:   178        SH:  0    Dex: 10    Spells: 6/6 levels left

rFire   . . .      SeeInvis .   d - +0 mace
rCold   . . .      Faith    .   (no shield)
rNeg    . . .      Spirit   .   g - +0 plate armour
rPois   .          Reflect  .   (helmet restricted)
rElec   .          Harm     .   b - scarf {shadows}
rCorr   +          Rampage  .   (no gloves)
Will    ++...                   h - +0 pair of boots
Stlth   ..........              e - amulet of regeneration
HPRegen 1.99/turn               i - ring of resist corrosion
MPRegen 0.10/turn               (no ring)

@: strong-willed, on berserk cooldown, regenerating
A: horns 2, retaliatory headbutt
a: Renounce Religion, Berserk, Trog's Hand


You were on level 5 of the Dungeon.
You worshipped Trog.
Trog was most pleased with you.
You visited 1 branch of the dungeon, and saw 5 of its levels.

You collected 178 gold pieces.

Inventory:

Hand Weapons
 d - a +0 mace (weapon)
 q - a +1 war axe
Missiles
 f - 75 stones (quivered)
Armour
 b - a scarf of shadows (worn)
 g - a +0 plate armour (worn)
 h - a +0 pair of boots (worn)
Jewellery
 e - an amulet of regeneration (around neck)
 i - a ring of resist corrosion (left hand)
Scrolls
 c - 3 scrolls of enchant armour
 m - a scroll of identify
Potions
 a - a potion of might {unknown}


   Skills:
 + Level 4.1 Fighting
 - Level 3.6(7.5) Axes
 + Level 10.2(10.5) Maces & Flails
 + Level 3.2 Armour
 - Level 2.1 Dodging


You had 6 spell levels left.
You didn't know any spells.
Your spell library was empty.

Dungeon Overview and Level Annotations

Branches:
Dungeon (5/15)             Temple (0/1) D:5

Altars:

Annotations:
D:4 Edmund
D:5 exclusions: 3 doors and 1 more exclusion


Innate Abilities, Weirdness & Mutations

You have a pair of horns on your head.
You reflexively headbutt those who attack you in melee.


Message History

The gnoll sergeant hits you with a +0 trident.
* * * LOW HITPOINT WARNING * * *
The gnoll shaman mumbles some strange prayers to its god against you.
You resist with almost no effort. The gnoll sergeant barely misses you.
You furiously retaliate!
You headbutt the gnoll sergeant.
You feel yourself speed up.
The gnoll sergeant hits you from afar with a +0 trident!
* * * LOW HITPOINT WARNING * * *
The gnoll shaman calls upon its god to heal the gnoll sergeant.
The gnoll sergeant is healed somewhat.
The gnoll sergeant hits you from afar with a +0 trident.
* * * LOW HITPOINT WARNING * * *
You closely miss the gnoll shaman.
The gnoll shaman is heavily wounded.
The gnoll sergeant barely misses you.
You closely miss the gnoll shaman. Your headbutt misses the gnoll shaman.
The gnoll shaman is heavily wounded.
The gnoll sergeant closely misses you.
The gnoll shaman hits you but does no damage.
The gnoll sergeant hits you from afar with a +0 trident.
* * * LOW HITPOINT WARNING * * *
You hit the gnoll shaman.
The gnoll shaman is severely wounded.
The gnoll shaman hits you but does no damage.
The gnoll sergeant hits you from afar with a +0 trident.
* * * LOW HITPOINT WARNING * * *
You closely miss the gnoll shaman. Your punch misses the gnoll shaman.
The gnoll shaman is severely wounded.
The gnoll sergeant hits you but does no damage.
The gnoll shaman calls upon its god to heal the gnoll sergeant.
The gnoll sergeant is healed somewhat.
The gnoll sergeant barely misses you.
You barely miss the gnoll shaman.
The gnoll shaman is severely wounded.
The gnoll shaman hits you with a +0 whip.
* * * LOW HITPOINT WARNING * * *
The gnoll sergeant barely misses you.
You closely miss the gnoll shaman.
The gnoll shaman is severely wounded.
The gnoll sergeant hits you from afar with a +0 trident!
You die...

#.....##.####...##
#.###.. ########.#
##### #.##### ###
#.....# **♣♣♣* #######
*,..)♣* # ****#..♣♣* #
*,,.#....♣♣♣ ### ##
**,,.#..♣..)♣♣###.####
#.
*,,g.'....)gg@...)...#
#.
**,,g#.♣...)♣♣###)##.#
#. *****,,,#..).♣♣♣
#.##.# #.
,,,*****#..♣♣****
##.##.# #. **** *,...♣*
*,* #..##.# ##
*****♣♣♣* #.###.###.# #
*,**********#.........#
#
*,,,,,,,,,,*#####.#####
# ********+*** #.# #


You could see a gnoll sergeant (fast) and a gnoll shaman.

Vanquished Creatures
  2 water moccasins (D:5)
  A black bear (D:5)
  A sky beast (D:5)
  A necrophage (D:5)
  An ogre (D:5)
  A centaur zombie (D:5)
  A jelly (D:5)
  A bullfrog skeleton (D:5)
  Ijyb (D:4)
  2 hound zombies (D:5)
  11 gnolls (D:5)
  4 adders
  An adder skeleton (D:4)
  2 worms
  A dart slug (D:1)
  2 orcs (D:3)
  13 ball pythons
  8 endoplasms
  3 giant cockroaches
  3 goblins
  6 hobgoblins
  7 kobolds
  4 quokkas
  5 bats
  5 frilled lizards
  8 rats
95 creatures vanquished.

Vanquished Creatures (others)
  A plant (D:4)
1 creature vanquished.

Grand Total: 96 creatures vanquished

Notes
Turn   | Place    | Note
-------+----------+-------------------------------------------
     0 | D:1      | Tsarbomb the Minotaur Berserker began the quest for the
                  | Orb.
     0 | D:1      | Reached XP level 1. HP: 19/19 MP: 0/0
    64 | D:1      | Reached skill level 1 in Maces & Flails
    72 | D:1      | Reached skill level 2 in Maces & Flails
   283 | D:1      | Reached XP level 2. HP: 26/26 MP: 1/1
   493 | D:1      | Reached skill level 3 in Maces & Flails
   493 | D:1      | Reached ** piety under Trog
   853 | D:2      | Found a faded altar of an unknown god.
   856 | D:2      | Reached XP level 3. HP: 31/31 MP: 2/2
   978 | D:2      | Reached skill level 4 in Maces & Flails
  1453 | D:3      | Reached XP level 4. HP: 39/39 MP: 3/3
  1496 | D:3      | Reached *** piety under Trog
  1664 | D:3      | Reached skill level 5 in Maces & Flails
  1781 | D:4      | Noticed Ijyb
  1815 | D:4      | Killed Ijyb
  1865 | D:4      | Noticed Edmund
  1895 | D:5      | Entered Level 5 of the Dungeon
  1895 | D:5      | Noticed a sky beast
  1906 | D:5      | Killed a sky beast
  1907 | D:5      | Reached skill level 6 in Maces & Flails
  1907 | D:5      | Reached XP level 5. HP: 37/45 MP: 4/4
  1933 | D:5      | Noticed a necrophage
  2026 | D:5      | Reached skill level 7 in Maces & Flails
  2026 | D:5      | Killed a necrophage
  2027 | D:5      | Reached XP level 6. HP: 51/51 MP: 5/5
  2061 | D:5      | Noticed a water moccasin
  2077 | D:5      | Killed a water moccasin
  2078 | D:5      | Reached skill level 8 in Maces & Flails
  2210 | D:5      | Noticed a water moccasin
  2305 | D:5      | Reached skill level 9 in Maces & Flails
  2305 | D:5      | Reached XP level 7. HP: 57/57 MP: 6/6
  2495 | D:5      | Reached skill level 10 in Maces & Flails
  2570 | D:5      | Found a staircase to the Ecumenical Temple.
  2696 | D:5      | HP: 1/59 [gnoll sergeant/+0 trident (6)]
  2700 | D:5      | Mangled by a gnoll sergeant

Illustrated notes

Levels and vault maps discovered:
D:1:      eino_arrival_cavern_c, layout_rooms, minmay_small_reverse_x
D:2:      layout_basic, shapermc_ecumenical_altar_starsandcircs
D:3:      layout_rooms
D:4:      layout_loops_ring, gup_sewer_entry_bubbles, nicolae_shop_dragon_depot,
          serial_bayou_pond_a, uniq_ijyb, uniq_edmund
D:5:      layout_loops_corners, minmay_temple_entry_antechambers,
          minmay_curled_crystal, pf_guarded_unrand_woodcutter

Skill      XL: |  1  2  3  4  5  6  7 |
---------------+----------------------+-----
Maces & Flails | 2 3 4 6 7 9 10 | 10.2
Fighting       | 4 |  4.1
Armour         | 3 |  3.2
Axes           | |  3.6
Dodging        | |  2.1

Action                   |  1- 3 |  4- 6 |  7- 9 || total
-------------------------+-------+-------+-------++-------
Melee: Hand axe          |    91 |    43 |       ||   134
       Headbutt          |    15 |    12 |    17 ||    44
       War axe           |       |    10 |       ||    10
       Punch             |       |     1 |       ||     1
       Mace              |       |    21 |    63 ||    84
Invok: Trog's Hand       |       |     4 |     2 ||     6
       Berserk           |       |     4 |     1 ||     5
  Use: Scroll            |       |     8 |       ||     8
       Potion            |       |     3 |       ||     3
Armor: Ring mail         |     6 |       |       ||     6
       Animal skin       |     2 |       |       ||     2
       Chain mail        |    22 |    28 |    20 ||    70
       Plate armour      |       |       |    12 ||    12
Dodge: Dodged            |    48 |    44 |    30 ||   122
